 Dungeon Crawl Stone Soup version 0.30-a0-358-g0d69a1922f (webtiles) character file.

Game seed: 15806013178877535223

41 flotson the Sneak (level 3, -2/29 HPs)
             Began as a Demonspawn Delver on Nov 10, 2022.
             Slain by an orc priest
             ... wielding a +0 club
              (4 damage)
             ... on level 3 of the Dungeon.
             The game lasted 00:00:49 (256 turns).

flotson the Sneak (Demonspawn Delver)                Turns: 256, Time: 00:00:50

Health: -2/29      AC:  3    Str: 14    XL:     3   Next: 32%
Magic:  3/3        EV: 12    Int: 13    God:
Gold:   0          SH:  0    Dex: 14    Spells: 2/2 levels left

rFire   . . .      SeeInvis .    a - +0 hand axe
rCold   . . .      Faith    .    (no shield)
rNeg    . . .      Spirit   .    b - +0 leather armour
rPois   .          Reflect  .    (no helmet)
rElec   .          Harm     .    (no cloak)
rCorr   .          Rampage  .    (no gloves)
Will    .....                    (no boots)
Stlth   ++........               (no amulet)
HPRegen 0.24/turn                (no ring)
MPRegen 0.08/turn                (no ring)

@: no status effects
A: big brain 1, demonic touch 1
a: no special abilities


You were on level 3 of the Dungeon.
You visited 1 branch of the dungeon, and saw 3 of its levels.

Inventory:

Hand Weapons
 a - a +0 hand axe (weapon)
Missiles
 j - 6 boomerangs (quivered)
Armour
 b - a +0 leather armour (worn)
Wands
 g - a wand of digging (3)
Scrolls
 c - a scroll of fog
 d - a scroll of magic mapping
 e - a scroll of fear
 f - 2 scrolls of butterflies {unknown}
 h - a scroll of brand weapon {unknown}
Potions
 i - a potion of might {unknown}


   Skills:
 + Level 3.4 Fighting
 - Level 1.7 Axes
 + Level 0.0 Throwing
 + Level 1.1 Armour
 + Level 2.2 Dodging
 - Level 4.5 Stealth
 + Level 1.2 Evocations


You had 2 spell levels left.
You didn't know any spells.
Your spell library was empty.

Dungeon Overview and Level Annotations

Branches:
Dungeon (5/15)
 Temple: D:4-7

Altars:


Innate Abilities, Weirdness & Mutations

You have an unusually large brain. (Int +2)
Your touch may inflict minor irresistible damage on your foes.


Message History

Found 6 boomerangs.
Found 7 gold pieces.
i - a metallic green potion An orc comes into view.
It is wielding a +0 dagger.
You see here 6 boomerangs.
j - 6 boomerangs An orc comes into view.
It is wielding a +0 dagger.
The orc shouts!
You hear a shout!
You hit the orc.
You touch the orc.
You kill the orc!
An orc priest comes into view. It is wielding a +0 club.
You barely miss the orc. The orc hits you with a +0 dagger.
You hit the orc.
The orc is heavily wounded.
The orc hits you with a +0 dagger.
You barely miss the orc.
The orc is heavily wounded.
You hit the orc priest. The orc priest hits you with a +0 club.
The orc completely misses you.
The orc priest mumbles some strange prayers to Beogh against you.
Beogh smites you! The orc hits you with a +0 dagger.
You are too injured to fight recklessly!
You are too injured to fight recklessly!
You are too injured to fight recklessly!
You are too injured to fight recklessly!
You are too injured to fight recklessly!
You are too injured to fight recklessly!
You are too injured to fight recklessly!
Unknown command.
You hit the orc priest.
The orc priest is heavily wounded.
You barely miss the orc.
The orc priest mumbles some strange prayers to Beogh against you.
Beogh smites you!
* * * LOW HITPOINT WARNING * * *
The orc barely misses you.
You hit the orc priest. Your touch misses the orc priest.
The orc priest is severely wounded.
You hit the orc but do no damage. The orc priest hits you with a +0 club.
You die...

. ..### ...... ##
......##### #.##
.###......#####....
......o@........#..
.###..o............
.....######...####
.... #...# ...
#...# .. #...# #
###...## .
#$.....########.
#.##.#.##.##....


You could see an orc priest and an orc.

Vanquished Creatures
  A hound (D:4)
  An orc (D:3)
  An endoplasm (D:4)
  3 jackals (D:4)
  3 ball pythons
9 creatures vanquished.

Notes
Turn   | Place    | Note
-------+----------+-------------------------------------------
     0 | D:5      | flotson the Demonspawn Delver began the quest for the Orb.
     0 | D:5      | Reached XP level 1. HP: 18/18 MP: 1/1
    11 | D:5      | Noticed an ice beast
    33 | D:4      | Noticed a hound
   105 | D:4      | Killed a hound
   106 | D:4      | Reached skill level 1 in Armour
   106 | D:4      | Reached skill level 1 in Evocations
   106 | D:4      | Gained mutation: Your touch may inflict minor irresistible
                  | damage on your foes. [demonic ancestry]
   106 | D:4      | Reached XP level 2. HP: 15/24 MP: 2/2
   106 | D:4      | Gained mutation: You have an unusually large brain. (Int
                  | +2) [demonic ancestry]
   106 | D:4      | Reached XP level 3. HP: 18/29 MP: 3/3
   256 | D:3      | Slain by an orc priest

Illustrated notes

Levels and vault maps discovered:
D:3:      layout_loops_cross, nicolae_overflow_hidden_temple, lemuel_round_altar
D:4:      layout_basic, uniq_edmund
D:5:      layout_basic, temple_fountains, gammafunk_ghost_stat_death

Skill      XL: |  1 |
---------------+----+-----
Armour         | 1 |  1.1
Dodging        | 2 |  2.2
Evocations     | 1 |  1.2
Fighting       | |  3.4
Axes           | |  1.7
Stealth        | |  4.5

Action                   || total
-------------------------++-------
Melee: Hand axe          ||    23
       Touch             ||     2
  Use: Potion            ||     1
 Stab: Sleeping          ||     1
Armor: Leather armour    ||     6
Dodge: Dodged            ||    25

Table legend: (Time is in decaauts)
 A = Elapsed time spent in this place.
 B = Non-inter-level travel time spent in this place.
 C = Inter-level travel time spent in this place.
 D = Time resting spent in this place.
 E = Time spent auto-exploring this place.
 F = Levels seen in this place.
 G = Mean time per level.
                   A        B        C        D        E       F      G
               +--------+--------+--------+--------+--------+-----+--------+
         Total |    248 |    248 |      0 |      0 |    156 |   3 |   82.7 |
       Dungeon |    248 |    248 |      0 |      0 |    156 |   3 |   82.7 |
               +--------+--------+--------+--------+--------+-----+--------+

Top non-repeatable levels by time:
     D:4: 187 daAuts
     D:5: 32 daAuts
     D:3: 29 daAuts
